 Dungeon Crawl Stone Soup version 0.19-a0-860-g5c370dd (webtiles) character file.

89738 4thArraOfDagon the Cleaver (level 15, 0/106 HPs)
             Began as a Vampire Gladiator on July 2, 2016.
             Was a High Priest of Cheibriados.
             Killed from afar by a shock serpent (9 damage)
             ... with an electric aura
             ... on level 3 of the Snake Pit.
             The game lasted 00:59:33 (10430 turns).

4thArraOfDagon the Cleaver (Vampire Gladiator)     Turns: 10430, Time: 00:59:34

Health: 0/106      AC: 18    Str: 35    XL:     15   Next: 50%
Magic:  17/22      EV: 31    Int: 19    God:    Cheibriados [*****.]
Gold:   733        SH:  0    Dex: 41    Spells: 1 memorised, 12 levels left

rFire  . . .     SeeInvis +     f - +3 battleaxe (freeze)
rCold  + . .     Gourm    .     m - +0 swamp dragon armour
rNeg   + . .     Faith    .     (shield currently unavailable)
rPois  +         Spirit   .     a - +2 helmet of the Solstice {rC+ Str+3 Dex+5 Stlth-}
rElec  .         Dismiss  .     q - +2 cloak
rCorr  .         Reflect  .     O - +2 pair of gloves
SustAt .         Harm     .     (no boots)
MR     +....                    P - amulet of regeneration
Stlth  +++++++...               D - ring "Qexiptoc" {rN+ EV+2 Str+2 Int-2}
                                l - +4 ring of strength

@: regenerating quickly, very slow, somewhat resistant to hostile enchantments,
extremely stealthy
A: fangs 3, thin skeletal structure 1, see invisible, agile 2, dopey 1, frail 1,
unbreathing, no device heal 1, MP-powered wands
a: Bend Time, Temporal Distortion, Slouch, Step From Time, Renounce Religion


You were on level 3 of the Snake Pit.
You worshipped Cheibriados.
Cheibriados was extremely pleased with you.
You were very full.

You visited 4 branches of the dungeon, and saw 25 of its levels.
You also visited: Ossuary, Ice Cave and Volcano.

You collected 2266 gold pieces.
You spent 1533 gold pieces at shops.

Inventory:

Hand Weapons
 f - a +3 battleaxe of freezing (weapon)
 L - a +1 battleaxe of flaming
Missiles
 r - 2 tomahawks of dispersal (quivered)
Armour
 a - the +2 helmet of the Solstice (worn) {rC+ Str+3 Dex+5 Stlth-}
   (You bought it in a shop on level 14 of the Dungeon)

   It affects your strength (+3).
   It affects your dexterity (+5).
   It protects you from cold.
   It makes you less stealthy.
 g - the +0 scale mail of Boredom {*Drain +Fly rCorr}
   (You bought it in a shop on level 2 of the Orcish Mines)

   It lets you fly.
   It protects you from acid and corrosion.
   It causes draining when unequipped.
 j - the +0 ring mail "Fowuet" {-Cast rN++ Str+4 Dex+4}
   (You found it on level 2 of the Lair of Beasts)

   It affects your strength (+4).
   It affects your dexterity (+4).
   It greatly protects you from negative energy.
   It prevents spellcasting.
 m - a +0 swamp dragon armour (worn)
 q - a +2 cloak (worn)
 N - a +2 plate armour of magic resistance
 O - a +2 pair of gloves (worn)
Magical Staves
 Q - an uncursed staff of death
Jewellery
 l - a +4 ring of strength (left hand)
 w - an uncursed ring of protection from fire
 A - an uncursed ring of flight
 D - the ring "Qexiptoc" (right hand) {rN+ EV+2 Str+2 Int-2}
   (You bought it in a shop on level 6 of the Dungeon)

   [ring of evasion]

   It affects your evasion (+2).
   It affects your strength (+2).
   It affects your intelligence (-2).
   It protects you from negative energy.
 P - an amulet of regeneration (around neck)
 Y - an uncursed ring of ice
Wands
 c - a wand of teleportation (5/9)
 B - a wand of paralysis (18/24)
 S - a wand of iceblast (7/15)
 U - a wand of teleportation (5/9)
 V - a wand of lightning (11/15)
 W - a wand of slowing (32/48)
 X - a wand of slowing (16/48)
Scrolls
 d - 2 scrolls of summoning
 h - 4 scrolls of recharging
 o - a scroll of magic mapping
 y - a scroll of teleportation
 C - 10 scrolls of remove curse
 H - a scroll of blinking
 J - 2 scrolls of enchant armour
 K - a scroll of immolation
 T - 2 scrolls of fear
 Z - a scroll of silence
Potions
 b - 3 potions of degeneration
 e - 3 potions of brilliance
 i - 4 potions of resistance
 n - 4 potions of heal wounds
 p - 8 potions of curing {unknown}
 s - 2 potions of cancellation {unknown}
 t - 2 potions of ambrosia
 u - 18 potions of blood
 v - 2 potions of cure mutation {unknown}
 x - 3 potions of haste
 z - 3 potions of invisibility
 E - a potion of lignification
 F - 5 potions of agility
 G - a potion of beneficial mutation
 I - 2 potions of might
Miscellaneous
 k - a fan of gales
 M - a box of beasts
 R - a lamp of fire


   Skills:
 + Level 11.0 Fighting
 * Level 14.7 Axes
 - Level 1.5 Throwing
 + Level 5.9 Armour
 + Level 12.9 Dodging
 + Level 14.4 Stealth
 + Level 10.2 Invocations


You had 12 spell levels left.
You knew the following spells:

 Your Spells              Type           Power        Failure   Level  Hunger
a - Repel Missiles        Chrm/Air       #.....       38%         2    ###....


Dungeon Overview and Level Annotations

Branches:
Dungeon (14/15)            Temple (0/1) D:7            Lair (6/6) D:10
  Swamp (0/4) Lair:2        Snake (3/4) Lair:3        Slime (0/5) Lair:5
    Orc (2/2) D:10            Elf (0/3) Orc:2
 Vaults: D:13-14

Altars:
Cheibriados
Dithmenos
Fedhas
Hepliaklqana
Okawaru
Ru
Uskayaw
Beogh
Jiyva

Shops:
D:6 =*   D:8 *   D:9 *[=(   D:14 *   Orc:2 }[=%[

Annotations:
Orc:1 Maud


Innate Abilities, Weirdness & Mutations

Your natural rate of healing is unusually fast.
You have razor-sharp teeth.
You have supernaturally acute eyesight. (SInv)
You can survive without breathing.
You have a somewhat thin skeletal structure. (Dex +2, Stealth)
You are very agile. (Dex +4)
You are dopey. (Int -2)
You are frail. (-10% HP)
Potions and wands are less effective at restoring your health.
You expend magic power (3 MP) to strengthen your wands.


Message History

You bite the shock serpent, but do no damage.
The shock serpent is severely wounded.
The shock serpent's electric aura discharges, shocking you!
The shock serpent bites you! The shock serpent shocks you!
You closely miss the shock serpent.
The shock serpent is severely wounded.
The shock serpent bites you!
* * * LOW HITPOINT WARNING * * *
The shock serpent shocks you!
* * * LOW HITPOINT WARNING * * *
You are too injured to fight recklessly!
You are too injured to fight recklessly!
You are too injured to fight recklessly!
Unknown command.
You can feel time thicken for a moment.
You kill the shock serpent!
Cheibriados appreciates the change of pace.
You feel somewhat less full.
The air sparks with electricity, shocking you!
You die...

#..?.................
#....................
##.............#....
##.....#.....## ##.
#########..## ##.#
###.#####.
#############..........
......†@...............
.........####..........
........... ...(.......
.........####..........
.........# #..........
########## .......%...
.##.###### . ..


There were no monsters in sight!

Vanquished Creatures
  A greater naga (Snake:2)
  The ghost of kroki the Fencer, a journeyman MfBe of Trog (Lair:6)
  The ghost of Fubayashi the Thaumaturge, a journeyman GrEE of Vehumet (Lair:6)
  3 anacondas (Snake:2)
  4 naga warriors
  5 hydras
  2 catoblepae
  An ogre mage (Orc:2)
  A centaur warrior (D:13)
  4 orc high priests (Orc:2)
  A naga sharpshooter (Snake:2)
  Urug (Lair:3)
  3 shock serpents
  The ghost of Jalan the Covert, a journeyman SpVM of Sif Muna (IceCv)
  Sonja (Lair:3)
  2 skeletal warriors (D:13)
  2 wizards
  2 unseen horrors (D:11)
  2 hill giants
  4 orc knights (Orc:2)
  A lindwurm (Volcano)
  A naga ritualist (Snake:1)
  4 mana vipers (Snake:1)
  6 orc sorcerers
  2 cyclopes
  A griffon (Lair:6)
  4 elephants (Lair:6)
  10 ugly things
  Joseph (D:9)
  13 black mambas
  2 molten gargoyles (Volcano)
  2 ice statues (IceCv)
  4 naga magi
  3 centaur zombies
  8 spiny frogs
  Psyche (D:10)
  A vault sentinel (D:14)
  3 gargoyles
  A rime drake (Lair:6)
  6 komodo dragons
  3 kobold demonologists
  The ghost of 4thArraOfDagon the Quickloader, a novice OpHu (D:6)
  8 trolls
  5 polar bears
  A two-headed ogre (Orc:2)
  18 blink frogs (Lair:6)
  A meliai zombie (D:13)
  13 spriggans (Lair:6)
  2 wraiths
  57 yaks
  A shadow (D:13)
  2 basilisks
  A wyvern (D:13)
  5 hippogriffs
  2 hungry ghosts
  A mottled dragon (D:13)
  9 vampire mosquitoes
  9 nagas
  3 soldier ants
  2 wargs
  Duvessa (D:6)
  4 water moccasins
  4 porcupines
  2 hell hounds (D:10)
  10 ice beasts
  6 sky beasts
  2 black bears (Lair:6)
  6 wasps (Lair:6)
  24 orc warriors
  2 necrophages
  5 phantoms
  20 wolves
  2 boggarts (Lair:6)
  12 centaurs
  15 ogres
  7 crocodiles
  10 big kobolds
  11 giant frogs
  Dowan (D:6)
  A troll zombie (D:10)
  2 scorpions
  A water moccasin skeleton (D:9)
  4 killer bees (D:8)
  11 wights
  11 howler monkeys
  3 crimson imps
  5 jellies
  A quasit (D:10)
  3 giant frog zombies
  16 orc priests
  9 hounds
  18 orc wizards
  A centaur skeleton (D:10)
  A giant frog skeleton (D:13)
  6 iguanas
  4 worker ants
  4 hell rats (Lair:6)
  Natasha (D:2)
  A killer bee zombie (D:8)
  14 sheep
  5 ogre zombies (D:10)
  A hound zombie (D:6)
  A mummy (Ossuary)
  A worker ant zombie (D:6)
  Robin (D:1)
  4 gnolls (D:11)
  7 adders
  A howler monkey skeleton (D:5)
  43 river rats
  12 white imps (Lair:6)
  An ooze (D:2)
  2 adder zombies
  2 adder skeletons (D:7)
  3 giant geckos
  50 orcs
  A ball python (D:2)
  8 bats
  2 giant cockroaches
  11 goblins
  14 hobgoblins
  3 jackals (D:1)
  5 quokkas
  2 giant newts
  11 gnoll skeletons (Ossuary)
  2 goblin skeletons (D:10)
  2 goblin zombies (D:10)
  A hobgoblin zombie (D:10)
  32 kobolds
  5 kobold skeletons (Ossuary)
  11 orc skeletons
  12 orc zombies (D:10)
  6 rats
  2 fungi
785 creatures vanquished.

Vanquished Creatures (others)
  An ogre (D:14)
  12 fungi
  2 plants (Lair:6)
15 creatures vanquished.

Grand Total: 800 creatures vanquished

Notes
Turn   | Place    | Note
-------+----------+-------------------------------------------
     0 | D:1      | 4thArraOfDagon the Vampire Gladiator began the quest for the Orb.
     0 | D:1      | Reached XP level 1. HP: 16/16 MP: 1/1
    26 | D:1      | magipi: finally
    56 | D:1      | Reached XP level 2. HP: 16/22 MP: 2/2
   214 | D:1      | 4thArraOfDagon: this is d 1?
   239 | D:2      | Reached XP level 3. HP: 24/28 MP: 3/3
   275 | D:2      | Noticed Robin
   431 | D:4      | Reached XP level 4. HP: 28/34 MP: 4/4
   500 | D:4      | Found a snail-covered altar of Cheibriados.
   526 | D:4      | Became a worshipper of Cheibriados the Contemplative
   620 | D:5      | Entered Level 5 of the Dungeon
   636 | D:5      | Found an iron altar of Okawaru.
   751 | D:5      | Noticed a necrophage
   774 | D:5      | Killed a necrophage
   774 | D:5      | Reached skill level 1 in Invocations
   774 | D:5      | Reached XP level 5. HP: 26/39 MP: 5/5
   893 | D:5      | Reached XP level 6. HP: 28/45 MP: 6/6
  1176 | D:3      | Reached * piety under Cheibriados
  1367 | D:1      | Killed Robin
  1396 | D:2      | Reached ** piety under Cheibriados
  1501 | D:2      | magipi: I think you are wearing only the ring mail
  1530 | D:2      | Reached skill level 5 in Axes
  1538 | D:2      | Noticed Natasha
  1543 | D:2      | magipi: and have a better one
  1549 | D:2      | Killed Natasha
  1794 | D:6      | Reached XP level 7. HP: 46/51 MP: 8/8
  1830 | D:6      | Found Heaskani's Jewellery Boutique.
  1840 | D:6      | Bought the ring "Qexiptoc" {rN+ EV+2 Str+2 Int-2} for 212 gold pieces
  1858 | D:6      | Found a hazy altar of Hepliaklqana.
  1864 | D:6      | Found a hide-covered altar of Uskayaw.
  1871 | D:6      | Noticed 4thArraOfDagon's ghost (novice OpHu)
  1894 | D:6      | Killed 4thArraOfDagon's ghost
  1894 | D:6      | Reached skill level 5 in Dodging
  1936 | D:6      | Noticed an unseen horror
  1951 | D:6      | Found a shadowy altar of Dithmenos.
  2029 | D:6      | Reached XP level 8. HP: 53/59 MP: 10/10
  2053 | D:6      | Reached *** piety under Cheibriados
  2078 | D:6      | Found Neqoc's Assorted Antiques.
  2083 | D:6      | Noticed Dowan
  2084 | D:6      | Noticed Duvessa
  2093 | D:6      | Killed Dowan
  2094 | D:6      | Killed Duvessa
  2132 | D:6      | Gained mutation: You are frail. (-10% HP) [potion of mutation]
  2132 | D:6      | Gained mutation: You are dopey. (Int -2) [potion of mutation]
  2132 | D:6      | Gained mutation: You have a somewhat thin skeletal structure. (Dex +2, Stealth) [potion of mutation]
  2161 | D:7      | Reached skill level 5 in Fighting
  2250 | D:7      | Found a sacrificial altar of Ru.
  2403 | D:7      | Found a staircase to the Ecumenical Temple.
  2459 | D:8      | Found a sand-covered staircase.
  2464 | Ossuary  | Entered an ossuary
  2565 | Ossuary  | Reached **** piety under Cheibriados
  2673 | D:9      | Reached XP level 9. HP: 59/59 MP: 11/11
  2679 | D:9      | Found Urchi's General Store.
  2702 | D:9      | Found a blossoming altar of Fedhas.
  2943 | D:8      | Found Eseittik's Assorted Antiques.
  2978 | D:8      | Reached ***** piety under Cheibriados
  3130 | D:8      | Reached skill level 1 in Stealth
  3130 | D:8      | Reached skill level 5 in Invocations
  3218 | D:9      | Noticed Joseph
  3241 | D:9      | Killed Joseph
  3299 | D:9      | Reached XP level 10. HP: 66/66 MP: 13/13
  3532 | D:9      | Found Sepetuum's Antique Armour Shop.
  3580 | D:9      | Found Beapp's Antique Weapon Shoppe.
  3587 | D:9      | Found Carghuc's Jewellery Boutique.
  3601 | D:9      | Bought a pair of embroidered gloves for 126 gold pieces
  3629 | D:10     | Entered Level 10 of the Dungeon
  3631 | D:10     | magipi: so many shops
  3712 | D:10     | Gained mutation: You are agile. (Dex +2) [potion of mutation]
  3712 | D:10     | Gained mutation: Potions and wands are less effective at restoring your health. [potion of mutation]
  3712 | D:10     | Gained mutation: You are very agile. (Dex +4) [potion of mutation]
  3792 | D:10     | Found a staircase to the Orcish Mines.
  3854 | D:10     | Reached skill level 5 in Stealth
  3915 | D:10     | Noticed Psyche
  4026 | D:10     | Learned a level 2 spell: Repel Missiles
  4056 | D:10     | Found a staircase to the Lair.
  4105 | D:11     | Reached ****** piety under Cheibriados
  4106 | D:11     | Noticed a red ugly thing
  4113 | D:11     | Reached skill level 10 in Axes
  4117 | D:11     | Killed a red ugly thing
  4176 | D:11     | Noticed an unseen horror
  4187 | D:11     | Reached XP level 11. HP: 70/73 MP: 15/15
  4196 | D:11     | Killed an unseen horror
  4312 | D:11     | Noticed a purple ugly thing
  4346 | D:11     | Killed a purple ugly thing
  4379 | D:11     | Noticed an unseen horror
  4388 | D:11     | Killed an unseen horror
  4873 | D:13     | Reached skill level 10 in Dodging
  4891 | D:12     | Noticed a green ugly thing
  4892 | D:12     | Noticed a deep elf mage
  4927 | D:13     | Noticed a red ugly thing
  4934 | D:13     | Reached XP level 12. HP: 73/80 MP: 17/17
  5112 | D:13     | Noticed a centaur warrior
  5122 | D:13     | Killed a centaur warrior
  5145 | D:13     | Reached skill level 10 in Stealth
  5253 | D:14     | Found Areos's Assorted Antiques.
  5285 | D:14     | magipi: damn these wights, at least one could have donated a battleaxe
  5285 | D:14     | Bought a scroll labeled VUJAWNYRR for 43 gold pieces
  5285 | D:14     | Bought a scroll labeled UMATUH ZAHEACAE for 43 gold pieces
  5285 | D:14     | Bought a scroll labeled INUWNUQAED for 43 gold pieces
  5285 | D:14     | Bought a scroll labeled CITHRO WIRGHU for 43 gold pieces
  5322 | D:14     | Noticed a catoblepas
  5339 | D:14     | Killed a catoblepas
  5387 | D:14     | kirsanium: why chei?
  5588 | D:14     | 4thArraOfDagon: there
  5646 | D:13     | magipi: aren't these too tough?
  5670 | D:13     | magipi: nice
  5845 | Orc:1    | Entered Level 1 of the Orcish Mines
  5851 | Orc:1    | Noticed Maud
  5864 | Orc:2    | Entered Level 2 of the Orcish Mines
  5933 | Orc:2    | Found a staircase to the Elven Halls.
  5970 | Orc:2    | magipi: the regen is awesome while alive and walking
  6011 | Orc:2    | Noticed an orc high priest
  6017 | Orc:2    | Killed an orc high priest
  6017 | Orc:2    | Reached skill level 1 in Armour
  6017 | Orc:2    | Reached XP level 13. HP: 69/88 MP: 19/19
  6165 | Orc:1    | Found a roughly hewn altar of Beogh.
  6355 | Orc:2    | Found Wibb's Gadget Shoppe.
  6378 | Orc:2    | magipi: no dig or disintegrate?
  6658 | Orc:2    | Gained mutation: You expend magic power (3 MP) to strengthen your wands. [a neqoxec]
  6877 | Orc:2    | Found Suddudgh's Antique Armour Shop.
  6880 | Orc:2    | Found Aqerung's Food Emporium.
  6887 | Orc:2    | Found Cola's Antique Armour Emporium.
  6889 | Orc:2    | Found Nikeil's Jewellery Shop.
  6899 | Orc:2    | Bought an ichor-stained scale mail for 315 gold pieces
  6909 | Orc:2    | Identified the +0 scale mail of Boredom {*Drain +Fly rCorr} (You bought it in a shop on level 2 of the Orcish Mines)
  7184 | D:14     | Bought a pitted helmet for 408 gold pieces
  7464 | D:6      | Bought an uncursed amulet of regeneration for 300 gold pieces
  7481 | D:6      | Identified the +2 helmet of the Solstice {rC+ Str+3 Dex+5 Stlth-} (You bought it in a shop on level 14 of the Dungeon)
  7556 | D:10     | Killed Psyche
  7598 | D:10     | You fall through a shaft!
  7659 | Lair:1   | Entered Level 1 of the Lair of Beasts
  7890 | Lair:2   | Found a staircase to the Swamp.
  8039 | Lair:2   | Found a dark tunnel.
  8048 | Volcano  | Entered a volcano
  8132 | Lair:2   | Got a faintly glowing ring mail
  8314 | Lair:3   | Noticed Urug
  8331 | Lair:3   | Killed Urug
  8331 | Lair:3   | Reached XP level 14. HP: 67/96 MP: 20/20
  8351 | Lair:3   | Noticed Sonja
  8351 | Lair:3   | Killed Sonja
  8351 | Lair:3   | Reached skill level 10 in Fighting
  8629 | Lair:6   | Entered Level 6 of the Lair of Beasts
  8669 | Lair:6   | Noticed kroki's ghost (journeyman MfBe)
  8676 | Lair:6   | Killed kroki's ghost
  8916 | Lair:6   | Found a frozen archway.
  8936 | IceCv    | Entered an ice cave
  8936 | IceCv    | Noticed Jalan's ghost (journeyman SpVM)
  8943 | IceCv    | Killed Jalan's ghost
  9272 | Lair:6   | Noticed Fubayashi's ghost (journeyman GrEE)
  9328 | Lair:6   | Killed Fubayashi's ghost
  9510 | Lair:6   | Reached skill level 5 in Armour
  9574 | Lair:5   | Found a staircase to the Slime Pits.
  9574 | Lair:5   | Found a viscous altar of Jiyva.
  9698 | Lair:4   | Identified the +0 ring mail "Fowuet" {-Cast rN++ Str+4 Dex+4} (You found it on level 2 of the Lair of Beasts)
  9749 | Lair:4   | Reached XP level 15. HP: 97/103 MP: 22/22
  9935 | Lair:3   | Found a staircase to the Snake Pit.
  9940 | Snake:1  | Entered Level 1 of the Snake Pit
 10056 | Snake:1  | Reached skill level 10 in Invocations
 10146 | Snake:2  | Noticed a greater naga
 10339 | Snake:2  | Killed a greater naga
 10390 | Snake:3  | jacquesderrida: oooo
 10404 | Snake:3  | jacquesderrida: VaPe
 10430 | Snake:3  | Killed from afar by a shock serpent

Vault maps used:
D:1:      dpeg_arrival_round_a, grunt_decor_fettered, minmay_surrounded
D:2:      roderic_roman_lattice, uniq_natasha, uniq_robin
D:3:      ecumenical_altar_2, nrook_mini_backslash
D:4:      black_bear_nest_1, nicolae_tso_swordbearing_angel,
          lemuel_doored_altar, kennysheep_little_box, first_bread
D:5:      nemelex_altar_shiori, okawaru_metal_pillars_1_2
D:6:      nicolae_overflow_crystal_walls, old_standard_altar,
          overflow_temple_1_default, serial_shops, shop, shop, shop, shop,
          kennysheep_mini, uniq_duvessa, uniq_eustachio, uniq_menkaure
D:7:      lemuel_coloured_pillars_altar, nicolae_ru_sacrificial_ziggurat
D:8:      nicolae_ossuary_entry_ruins, serial_shops, shop_statue
D:9:      lemuel_crystal_altar, serial_shops, shop, nicolae_shop_waterfront,
          shop, nicolae_shop_behind_doors, uniq_joseph
D:10:     minmay_lair_entry_lava, zombieorc1_lemuel, uniq_psyche
D:14:     david_vaults_2, serial_shops, shop, minmay_misc_feat_enclosed
Lair:1:   statuecave_lemuel, grunt_megastairs_2, lemuel_fruit_fields
Lair:2:   swamp_mist, enter_volcano_2, small_statue_intersection,
          serial_bayou_shore_b
Lair:3:   minmay_snake_entry_guardpost_medium, minivault_25,
          serial_bayou_pond_a, uniq_sonja, uniq_urug
Lair:4:   serial_bayou_shore_b
Lair:5:   slime_altar_1
Lair:6:   minmay_lair_end_enchanted_forest, portal_ice_cave_entry_imps,
          lemuel_fruit_fields
Snake:1:  serial_bayou_shore_b
Snake:2:  special_room
Orc:1:    nicolae_orc_accident_2, uniq_maud
Orc:2:    st_orc_elflike, serial_shops, shop
Ossuary:  ossuary_due_mausoleum
IceCv:    ice_cave_statue_garden_teleport
Volcano:  volcano_aerie

Skill      XL: |  1  2  3  4  5  6  7  8  9 10 11 12 13 14 15 |
---------------+----------------------------------------------+-----
Axes           | 3 4 5 6 7 9 10 11 12 13 14 | 14.7
Fighting       | 2 3 4 5 6 7 8 9 10 11 | 11.0
Dodging        | 4 5 6 7 8 10 11 12 | 12.9
Invocations    | 1 2 3 5 6 7 8 9 10 | 10.2
Stealth        | 3 6 9 11 12 13 14 | 14.4
Armour         | 1 3 5 |  5.9
Throwing       | |  1.5

Action                   |  1- 3 |  4- 6 |  7- 9 | 10-12 | 13-15 || total
-------------------------+-------+-------+-------+-------+-------++-------
Melee: War axe           |    67 |   176 |   275 |   616 |       ||  1134
       Bite              |     5 |    15 |    47 |   153 |   176 ||   396
       Battleaxe         |       |       |       |    32 |   776 ||   808
Throw: Throwing net      |       |     9 |     2 |     2 |       ||    13
       Tomahawk          |       |     2 |     1 |       |       ||     3
Invok: Bend Time         |       |       |     3 |     9 |     2 ||    14
       Slouch            |       |       |     1 |     3 |    18 ||    22
       Temporal Distorti |       |       |       |     1 |     1 ||     2
       Step From Time    |       |       |       |     1 |       ||     1
  Use: Potion            |     1 |     3 |     3 |     6 |     8 ||    21
       Scroll            |       |     1 |    11 |     5 |    22 ||    39
 Stab: Held in net/web   |       |     2 |     1 |     3 |       ||     6
       Sleeping          |       |       |     1 |     9 |    16 ||    26
       Distracted        |       |       |       |     1 |     1 ||     2
  Eat: Corpse            |     6 |     8 |     7 |    13 |    28 ||    62
Armor: Leather armour    |     2 |       |       |       |       ||     2
       Ring mail         |    25 |    68 |    53 |    61 |       ||   207
       Plate armour      |       |       |       |    60 |   267 ||   327
       Skin              |       |       |       |    10 |       ||    10
       Swamp dragon armo |       |       |       |       |    19 ||    19
Dodge: Dodged            |    62 |   141 |   190 |   527 |  1082 ||  2002
Block: Buckler           |       |     8 |    78 |   289 |       ||   375
